 Dungeon Crawl Stone Soup version 0.29-a0-22-gbf593b16ee (webtiles) character file.

Game seed: 10835081995556953375

58 Hubjo the Grasshopper (level 3, -3/27 HPs)
             Began as a Vampire Warper on Jan 29, 2022.
             Succumbed to a goblin's poison
             ... on level 3 of the Dungeon.
             The game lasted 00:15:40 (1097 turns).

Hubjo the Grasshopper (Vampire Warper)              Turns: 1097, Time: 00:15:41

Health: -3/27      AC:  7    Str: 10    XL:     3   Next: 75%
Magic:  5/6        EV: 11    Int: 25    God:
Gold:   5          SH:  0    Dex: 13    Spells: 4/6 levels left

rFire   . . .      SeeInvis +   h - staff of air
rCold   + . .      Faith    .   (no shield)
rNeg    . . .      Spirit   .   b - +1 leather armour
rPois   .          Reflect  .   (no helmet)
rElec   +          Harm     .   f - +2 cloak
rCorr   .          Rampage  .   (no gloves)
Will    .....                   (no boots)
Stlth   +.........              (no amulet)
HPRegen 0.29/turn               g - ring of protection from cold
MPRegen 0.10/turn               j - +6 ring of intelligence

@: lethally poisoned (-3 -> -26), healing quickly
A: alive, fangs 3, see invisible, vampiric 2, clever 1, MP-powered wands
a: Exsanguinate


You were on level 3 of the Dungeon.
You visited 1 branch of the dungeon, and saw 3 of its levels.

You collected 51 gold pieces.
You spent 46 gold pieces at shops.

Inventory:

Hand Weapons
 a - a +1 short sword
Missiles
 d - 5 boomerangs of dispersal (quivered)
 e - 25 sling bullets
 i - 18 bolts
Armour
 b - a +1 leather armour (worn)
 f - a +2 cloak (worn)
Magical Staves
 h - a staff of air (weapon)
Jewellery
 g - a ring of protection from cold (left hand)
 j - a +6 ring of intelligence (right hand)
Scrolls
 c - a scroll of blinking


   Skills:
 + Level 2.2 Fighting
 + Level 2.8 Short Blades
 + Level 1.1 Throwing
 + Level 1.0 Armour
 + Level 2.2 Dodging
 + Level 0.1 Stealth
 + Level 2.3 Spellcasting
 + Level 2.8 Translocations


You had 4 spell levels left.
You knew the following spells:

 Your Spells              Type           Power      Damage    Failure   Level
a - Blink                 Tloc           34%        N/A       7%          2

Your spell library contained the following spells:

 Spells                   Type           Power      Damage    Failure   Level
 Gell's Gravitas          Tloc           17%        N/A       14%         3
 Lesser Beckoning         Tloc           17%        N/A       14%         3
 Teleport Other           Tloc           17%        N/A       14%         3
 Iskenderun's Mystic Bla  Conj/Tloc      10%        2d4       63%         4
 Manifold Assault         Tloc           17%        N/A       77%         5
 Summon Forest            Summ/Tloc      5%         N/A       92%         5
 Malign Gateway           Summ/Tloc      5%         N/A       100%        7


Dungeon Overview and Level Annotations

Branches:
Dungeon (3/15)

Altars:
Trog

Shops:
D:2 **

Annotations:
D:3 Jessica, Sigmund


Innate Abilities, Weirdness & Mutations

Your natural rate of healing is accelerated.
You have razor-sharp teeth.
You have supernaturally acute eyesight. (SInv)
You are afflicted with vampirism and can become a bat while bloodless.
Your mind is acute. (Int +2)
You expend magic power (3 MP) to strengthen your wands.


Message History

The goblin hits you with a +2 dagger of venom.
You are poisoned.
You feel very sick. The bat hits you but does no damage.
The jelly jiggles.
The giant cockroach bites you but does no damage.
Casting: Blink (safe; 7% risk of failure)
Confirm with . or Enter, or press ? or * to list all spells.
You blink.
You feel sick.
The kobold throws a stone.
The stone hits you.
Really walk into that dispersal trap?
You enter a dispersal trap!
The bat blinks!
The goblin blinks!
The jelly blinks!
The bat blinks!
The kobold blinks!
The giant cockroach blinks!
The goblin blinks! x2; The jelly blinks!
The goblin blinks!
You blink.
You feel sick.
You feel sick.
The kobold enters a dispersal trap!
The giant cockroach blinks!
The bat blinks!
You blink.
Found a ring mail and 8 gold pieces.
You feel sick.
You feel stable enough to blink again.
You feel sick.
You barely miss the goblin.
You feel sick. The goblin hits you but does no damage.
You are more poisoned.
You completely miss the goblin.
You feel very sick. The bat hits you but does no damage.
The goblin closely misses you.
You closely miss the goblin.
You feel very sick. The bat misses you. The goblin hits you but does no damage.
You are lethally poisoned!
The bat hits you but does no damage. The goblin hits you but does no damage.
You are more poisoned.
You closely miss the goblin.
* * * LOW HITPOINT WARNING * * *
You feel very sick. The bat hits you.
* * * LOW HITPOINT WARNING * * *
The bat closely misses you. The goblin hits you but does no damage.
You are more poisoned.
You miss the goblin.
You die...

########### #........§.
#.......... ###########
#.......... #.........#
#......§... #.........#
#..K....... #...$....[#
#..........
#.....@g..###.....§§..J
........................
##.......b.####....####.
#######....##.§####
≈####....## ........##
##### ≈#.####.# #.....
#.# #...... ...###.....#


You could see a goblin and a bat.

Vanquished Creatures
  2 adders (D:2)
  A worm (D:2)
  2 dart slugs (D:1)
  6 endoplasms
  2 hobgoblins (D:2)
  3 jackals (D:1)
  4 kobolds
  2 quokkas
  3 ball pythons (D:1)
  2 goblins (D:2)
  2 rats (D:2)
29 creatures vanquished.

Vanquished Creatures (others)
  A plant (D:2)
1 creature vanquished.

Grand Total: 30 creatures vanquished

Notes
Turn   | Place    | Note
-------+----------+-------------------------------------------
     0 | D:1      | Hubjo the Vampire Warper began the quest for the Orb.
     0 | D:1      | Reached XP level 1. HP: 16/16 MP: 3/3
   208 | D:1      | Reached skill level 1 in Throwing
   245 | D:1      | Reached XP level 2. HP: 22/22 MP: 5/5
   252 | D:1      | Learned a level 2 spell: Blink
   478 | D:2      | Reached skill level 1 in Armour
   480 | D:2      | Found Kuquk's Assorted Antiques.
   540 | D:2      | Gained mutation: You are afflicted with vampirism and can
                  | become a bat while bloodless. [Vampire growth]
   540 | D:2      | Reached XP level 3. HP: 12/27 MP: 6/6
   581 | D:2      | Gained mutation: Your mind is acute. (Int +2) [potion of
                  | mutation]
   581 | D:2      | Gained mutation: You expend magic power (3 MP) to
                  | strengthen your wands. [potion of mutation]
   595 | D:2      | Found a bloodstained altar of Trog.
   697 | D:2      | Found Feomak's Assorted Antiques.
   748 | D:2      | Bought a yellow potion for 23 gold pieces
   897 | D:2      | You fall into a shaft and drop 1 floor!
   911 | D:3      | Noticed Sigmund
   911 | D:3      | Noticed Jessica
  1003 | D:2      | Got Zemew's Disquisition on Orientation
  1039 | D:2      | Bought a scroll labelled KAPEFO XYFFEO for 23 gold pieces
  1097 | D:3      | Succumbed to a goblin's poison

Illustrated notes

Levels and vault maps discovered:
D:1:      mushboom_english_gardens, layout_loops_ring, st_stairs_7, minivault_24
D:2:      layout_basic, basic_altar, serial_shops, nicolae_shop_hallway_stairs,
          nicolae_shop_overgrown_old_shop, nicolae_shop_behind_doors,
          nicolae_shop_window_shopping
D:3:      layout_rooms, chequers_ecumenical_altar_simple_redux,
          amcnicky_mini_rare_corridor_liquid, grunt_decor_arrowhead,
          minmay_ogre_servants, uniq_jessica, uniq_natasha, uniq_sigmund

Skill      XL: |  1  2  3 |
---------------+----------+-----
Throwing       | 1 |  1.1
Armour         | 1 |  1.0
Fighting       | 2 |  2.2
Short Blades   | |  2.8
Dodging        | |  2.2
Stealth        | |  0.1
Spellcasting   | |  2.3
Translocations | |  2.8

Action                   || total
-------------------------++-------
Melee: Short sword       ||   118
       Bite              ||    17
       Punch             ||     3
       Staff             ||    35
 Cast: Blink             ||     6
  Use: Scroll            ||     3
       Potion            ||     2
Armor: Leather armour    ||    71
Dodge: Dodged            ||    97

Table legend: (Time is in decaauts)
 A = Elapsed time spent in this place.
 B = Non-inter-level travel time spent in this place.
 C = Inter-level travel time spent in this place.
 D = Time resting spent in this place.
 E = Time spent auto-exploring this place.
 F = Levels seen in this place.
 G = Mean time per level.
                   A        B        C        D        E       F      G
               +--------+--------+--------+--------+--------+-----+--------+
         Total |   1102 |    421 |    681 |     24 |      0 |   3 |  367.3 |
       Dungeon |   1102 |    421 |    681 |     24 |      0 |   3 |  367.3 |
               +--------+--------+--------+--------+--------+-----+--------+

Top non-repeatable levels by time:
     D:2: 588 daAuts
     D:1: 465 daAuts
     D:3: 49 daAuts
